AoeStats
← Mycorrhizal

Arena

510606486Analyzed
4v4 RM · 6h ago on Oct 1, 2026· 54m 36s· 8 players
Game mode
Random Map
Map size
Large (8 player)
Population
200
Speed
Normal
Resources
Standard
Victory
Conquest
Starting age
Dark Age
Ending age
Imperial Age
RankedLock teamsTeams togetherTeam positionsShared explorationLock speedFull tech treeHidden civsTurbo modeCheats
Victory
Defeat
🇿🇦 Danes · South Africa
1466
+15
🇮🇹 Varangians · Italy
1465
+15
🇩🇪 Burmese · Germany
1438
+16
🇪🇸 Persians · Spain
1425
+17
🇧🇷 Saxons · Brazil
1513
-18
🇨🇦 Vietnamese · Canada
1440
-16
🇨🇳 Cumans · China
1421
-15
🇲🇽 Mongols · Mexico
1406
-14
Sergio
5:09 Loom
10:34 Feudal Age
14:51 Castle Age
13:33 Double-Bit Axe
13:37 Horse Collar
21:37 Wheelbarrow
23:02 Gold Mining
25:20 Bloodlines
25:12 Husbandry
25:28 Forging
27:21 Iron Casting
33:10 Imperial Age
32:14 Stone Mining
32:30 Scale Barding Armor
33:44 Hand Cart
33:40 Heavy Camel Rider
36:06 Chemistry
35:27 Ballistics
35:22 Masonry
37:03 Blast Furnace
36:24 Chain Barding Armor
36:45 Conscription
35:58 Pikeman
36:38 Squires
37:11 Elite War Elephant
38:02 Halberdier
40:01 Gold Shaft Mining
40:02 Stone Shaft Mining
39:14 Arson
40:05 Plate Barding Armor
39:36 Fletching
40:54 Light Cavalry
42:03 Heavy Plow
41:57 Hussar
43:38 Gambesons
43:16 Cavalier
45:02 Bodkin Arrow
45:11 Scale Mail Armor
45:20 Town Watch
50:35 Bow Saw
50:38 Guilds
51:43 Chain Mail Armor
51:29 Padded Archer Armor
54:02 Plate Mail Armor
Ser_0
10:27 Feudal Age
11:43 Double-Bit Axe
14:20 Castle Age
12:01 Horse Collar
16:00 Bow Saw
16:24 Heavy Plow
17:15 Loom
21:31 Wheelbarrow
24:50 Gold Mining
25:08 Stone Mining
28:21 Imperial Age
27:02 Hand Cart
26:51 Scale Mail Armor
27:02 Forging
26:56 Squires
26:42 Gambesons
27:54 Chain Mail Armor
29:28 Iron Casting
29:25 Devotion
29:59 Plate Mail Armor
30:35 Town Watch
32:07 Blast Furnace
32:12 Conscription
32:21 Elite Varangian Guard
33:05 Gothikon
34:17 Arson
36:07 Bloodlines
35:57 Husbandry
36:48 Coinage
35:50 Cavalier
36:46 Scale Barding Armor
36:53 Vendel Legacy
38:10 Chain Barding Armor
39:26 Plate Barding Armor
41:26 Two-Man Saw
41:23 Fletching
41:13 Capped Ram
41:40 Onager
42:36 Siege Ram
44:25 Banking
44:06 Guilds
43:31 Light Cavalry
49:49 Masonry
49:34 Elite Jarl
53:30 Caravan
Nduku
10:53 Feudal Age
9:58 Loom
12:24 Double-Bit Axe
12:29 Horse Collar
15:02 Castle Age
22:38 Imperial Age
26:43 Bow Saw
31:24 Wheelbarrow
30:35 Town Watch
30:58 Heavy Plow
36:31 Fletching
36:29 Cranequins
37:09 Heavy Mounted Crossbowman
37:46 Bodkin Arrow
37:53 Padded Archer Armor
38:17 Thumb Ring
38:36 Bracer
38:53 Leather Archer Armor
39:01 Elite Skirmisher
40:37 Ring Archer Armor
40:30 Ballistics
41:10 Chemistry
41:44 Bloodlines
41:35 Husbandry
43:50 Conscription
43:43 Forging
43:21 Arson
43:36 Squires
43:41 Scale Mail Armor
46:25 Chemistry
46:36 Hoardings
46:38 Siege Engineers
46:45 Masonry
47:25 Onager
48:01 Northmen's Fury
48:50 Siege Onager
rikardo_latino
5:06 Loom
11:36 Feudal Age
16:54 Castle Age
19:03 Atonement
21:10 Fervor
25:09 Redemption
26:13 Redemption
29:56 Gold Mining
30:19 Town Watch
32:45 Sanctity
41:18 Scale Mail Armor
41:29 Forging
40:47 Pikeman
44:45 Wheelbarrow
43:36 Man-at-Arms
44:02 Gambesons
45:41 Chain Mail Armor
48:35 Imperial Age
45:59 Long Swordsman
49:24 Iron Casting
48:39 Two-Handed Swordsman
49:39 Arson
49:56 Squires
51:04 Plate Mail Armor
51:35 Blast Furnace
52:01 Halberdier
53:30 Horse Collar
53:42 Champion
Sastre ᴿˢ-
9:31 Feudal Age
14:13 Castle Age
13:20 Double-Bit Axe
19:35 Loom
20:25 Wheelbarrow
22:24 Stone Mining
22:28 Horse Collar
25:10 Stone Shaft Mining
24:51 Loom
29:36 Imperial Age
27:32 Ballistics
28:02 Bow Saw
28:44 Fletching
28:54 Padded Archer Armor
29:42 Hand Cart
29:46 Gold Mining
29:53 Bodkin Arrow
31:10 Bracer
31:25 Leather Archer Armor
31:50 Gold Shaft Mining
33:37 Chemistry
34:31 Elite Mangudai
36:22 Scale Barding Armor
37:49 Heavy Plow
38:07 Heavy Scorpion
39:54 Bloodlines
39:45 Husbandry
40:33 Drill
41:02 Conscription
41:25 Siege Engineers
43:25 Hoardings
47:32 Capped Ram
50:35 Light Cavalry
51:45 Chain Barding Armor
51:25 Onager
51:59 Siege Ram
52:46 Siege Onager
Mycorrhizal
9:59 Feudal Age
13:48 Castle Age
12:39 Stone Mining
13:16 Double-Bit Axe
13:34 Horse Collar
16:30 Bow Saw
17:19 Loom
17:25 Town Watch
19:05 Fletching
20:31 Gold Mining
24:51 Masonry
26:59 Bodkin Arrow
33:21 Imperial Age
31:59 Padded Archer Armor
35:33 Wheelbarrow
39:33 Crossbowman
40:15 Arbalester
41:44 Thumb Ring
41:40 Bracer
42:00 Elite Skirmisher
43:29 Hand Cart
43:48 Imperial Skirmisher
47:06 Leather Archer Armor
47:52 Ballistics
49:49 Chemistry
49:21 Ring Archer Armor
51:28 Paper Money
SeiyaPegasus
10:25 Feudal Age
14:31 Castle Age
12:26 Double-Bit Axe
12:25 Horse Collar
15:56 Bow Saw
17:19 Loom
21:38 Stone Mining
21:41 Gold Mining
22:18 Heavy Plow
24:35 Fletching
25:59 Wheelbarrow
25:42 Bodkin Arrow
27:34 Town Watch
28:05 Hand Cart
32:20 Imperial Age
29:54 Scale Mail Armor
30:12 Squires
30:33 Gambesons
31:05 Chain Mail Armor
32:49 Ballistics
32:46 Forging
33:33 Plate Mail Armor
33:24 Conscription
32:46 Elite Varangian Guard
35:19 Iron Casting
34:16 Sappers
34:59 Bracer
37:52 Chemistry
36:43 Guard Tower
38:42 Padded Archer Armor
39:27 Siege Engineers
39:10 Elite Skirmisher
39:18 Pikeman
39:34 Shield Wall
40:45 Halberdier
41:53 Devotion
46:25 Murder Holes
46:41 Masonry
46:45 Arrowslits
47:39 Keep
48:17 Two-Man Saw
47:30 Guilds
48:00 Thumb Ring
48:12 Leather Archer Armor
47:54 Arson
47:44 Imperial Skirmisher
夕岚飞鸟还
9:00 Feudal Age
9:48 Double-Bit Axe
12:30 Horse Collar
17:25 Wheelbarrow
17:22 Gold Mining
20:25 Castle Age
20:35 Castle Age
20:02 Gold Mining
20:25 Bloodlines
20:28 Forging
20:24 Scale Barding Armor
21:59 Iron Casting
20:48 Capped Ram
22:02 Loom
24:54 Hand Cart
27:46 Heavy Plow
30:53 Bow Saw
32:34 Steppe Husbandry
35:06 Imperial Age
33:22 Light Cavalry
35:45 Thumb Ring
36:12 Conscription
36:27 Town Watch
36:36 Fletching
37:47 Blast Furnace
37:08 Chain Barding Armor
36:49 Padded Archer Armor
36:18 Hussar
39:55 Bodkin Arrow
40:57 Stone Mining
41:44 Gold Shaft Mining
42:21 Chemistry
41:42 Ballistics
41:47 Elite Steppe Lancer
43:47 Leather Archer Armor
47:21 Elite Kipchak
49:27 Hoardings
53:11 Murder Holes
53:26 Masonry
52:41 Pikeman
53:21 Squires
53:07 Arson
53:23 Scale Mail Armor
Connection lost

Rejoining the realm…

Still unreachable

The connection could not be restored.

Session expired

The server has moved on; the page needs a fresh start.